 Dungeon Crawl Stone Soup version 0.30-b1-2-g02819fbbbe (webtiles) character file.

Game seed: 10397648812845747944

172 Maxximus80 the Digger (level 5, -1/28 HPs)
             Began as a Gargoyle Earth Elementalist on Jan 1, 2024.
             Slain by an endoplasm (3 damage)
             ... on level 3 of the Dungeon.
             The game lasted 00:06:08 (2662 turns).

Maxximus80 the Digger (Gargoyle Earth Elementalist) Turns: 2662, Time: 00:06:10

Health: -1/28      AC:  9    Str: 11    XL:     5   Next: 53%
Magic:  4/9        EV: 11    Int: 18    God:
Gold:   25         SH:  0    Dex: 10    Spells: 9/10 levels left

rFire   . . .        e - +0 whip
rCold   . . .        (no shield)
rNeg    + . .        a - +0 robe
rPois   ∞            (no helmet)
rElec   +            k - +0 cloak
rCorr   .            q - +1 pair of gloves
SInv    .            (no boots)
Will    .....        (no amulet)
Stlth   ++           (no ring)
HPRegen 0.24/turn    (no ring)
MPRegen 0.11/turn

%: no passive effects
@: very slightly contaminated
A: sickness immunity, AC +4, negative energy resistance 1, electricity
resistance, torment resistance 1, petrification resistance
a: no special abilities


You were on level 3 of the Dungeon.
You visited 1 branch of the dungeon, and saw 3 of its levels.

You collected 25 gold pieces.

Inventory:

Hand Weapons
 e - a +0 whip (weapon)
Missiles
 i - 3 curare-tipped darts
 u - 2 poisoned darts
Armour
 a - a +0 robe (worn)
 k - a +0 cloak (worn)
 o - a +0 ring mail
 q - a +1 pair of gloves (worn)
Scrolls
 c - a scroll of butterflies {unknown}
 d - a scroll of enchant armour
 f - a scroll of acquirement {unknown}
 g - 3 scrolls of teleportation {unknown}
 j - a scroll of magic mapping {unknown}
 l - 2 scrolls of enchant weapon {unknown}
 p - 2 scrolls of identify {unknown}
 s - 3 scrolls of blinking {unknown}
 t - a scroll of vulnerability {unknown}
Potions
 b - a potion of magic
 h - a potion of cancellation {unknown}
 m - 3 potions of degeneration {unknown}
 n - a potion of mutation {unknown}
 r - 3 potions of curing {unknown}


   Skills:
 - Level 1.5 Dodging
 + Level 3.8 Stealth
 + Level 3.0 Spellcasting
 + Level 2.1 Transmutations
 + Level 4.7 Earth Magic


You had 9 spell levels left.
You knew the following spells:

 Your Spells              Type           Power      Damage    Failure   Level
a - Sandblast             Erth           38%        2d10      2%          1

Your spell library contained the following spells:

 Spells                   Type           Power      Damage    Failure   Level
 Passwall                 Tmut/Erth      12%        N/A       6%          2
 Stone Arrow              Conj/Erth      22%        3d8       19%         3
 Ensorcelled Hibernation  Hex/Ice        4%         N/A       24%         2
 Spider Form              Tmut/Pois      6%         N/A       30%         3
 Petrify                  Tmut/Erth      15%        N/A       36%         4
 Anguish                  Hex/Necr       1%         N/A       85%         4


Dungeon Overview and Level Annotations

Branches:
Dungeon (3/15)

Altars:

Shops:
D:3 :

Annotations:
D:3 Grinder


Innate Abilities, Weirdness & Mutations

You are immune to sickness and miasma.
Your stone body is resilient. (AC +4)
You are immune to poison.
You resist negative energy. (rN+)
You are resistant to electric shocks. (rElec)
You are resistant to unholy torment.
You are immune to petrification.


Message History

The slug dart hits you but does no damage.
An endoplasm comes into view.
Found a scroll labelled YBLEAJIASCH.
The endoplasm quivers.
The blast of sand hits Grinder!
Grinder is moderately wounded.
Grinder gestures at you.
You barely resist.
You miscast Sandblast.
You are very lightly contaminated with residual magic.
Nothing appears to happen.
The blast of sand hits Grinder!
Grinder is heavily wounded.
The endoplasm hits you but does no damage.
Grinder barely misses you.
You miscast Sandblast.
Nothing appears to happen.
Grinder hits you!
You writhe in agony.
The endoplasm hits you but does no damage.
The blast of sand hits Grinder.
Grinder is severely wounded.
The endoplasm barely misses you. Grinder gestures at you.
Pain shoots through your body! Grinder closely misses you.
The endoplasm freezes you.
You are frozen.
As you read the scroll labelled ZAXOFRIPIPN, it crumbles to dust.
It is a scroll of enchant armour.
Your +0 pair of gloves glows green for a moment.
The dart slug bites you but does no damage.
The endoplasm misses you. Grinder hits you!
* * * LOW HITPOINT WARNING * * *
Okay, then.
Unknown command.
Aiming: Sandblast (safe; 2% risk of failure)
Press: ? - help, Q - select action, (/) - cycle Shift-Dir - straight line, f/p - Grinder
Aim: Grinder (severely wounded, 80% to hit)
The blast of sand hits Grinder!
Grinder is almost dead.
The endoplasm hits you.
You die...

.##.#.##..#.##.#.##...#.......##.
#.##.#.##(.#.##.#.##..#.......##.
.#.##.#.##..#.##.#.##.#.......##.
#.#.##.#.#.#.##.#.##..#####.####.
##.#.##.#.#.##.#.###..# #.# ##
##.#.##.#.##.#.## #..# ...
##.#.##)##.#.## #..# .....
##.#.###.#.######..#........
##.#.#.#.##.@5.....#
##.#.#.##.Jw#.#..##
##.#.##............
##.##..#.##...##### ###.....
....# #..#.........
.....?........ .###...........


You could see Grinder, a dart slug and an endoplasm.

Vanquished Creatures
  The ghost of Discosetron the Shooter, an amateur BaHu (D:3)
  3 adders
  2 worms (D:3)
  A dart slug (D:2)
  An orc (D:3)
  5 ball pythons
  4 endoplasms
  4 giant cockroaches
  4 goblins
  A hobgoblin (D:1)
  3 quokkas
  6 bats
  2 frilled lizards
  8 kobolds
  11 rats
56 creatures vanquished.

Notes
Turn   | Place    | Note
-------+----------+-------------------------------------------
     0 | D:1      | Maxximus80 the Gargoyle Earth Elementalist began the quest
                  | for the Orb.
     0 | D:1      | Reached XP level 1. HP: 10/10 MP: 3/3
   191 | D:1      | Reached skill level 1 in Transmutations
   248 | D:1      | Reached XP level 2. HP: 11/15 MP: 0/5
   673 | D:1      | Reached skill level 4 in Earth Magic
   766 | D:1      | Reached XP level 3. HP: 18/19 MP: 4/6
  1926 | D:3      | Reached XP level 4. HP: 24/24 MP: 4/7
  1999 | D:3      | Found a large runed translucent door.
  1999 | D:3      | Found a large runed translucent door.
  1999 | D:3      | Found Ciqerun's Book Shoppe.
  2027 | D:3      | Noticed Discosetron's ghost (amateur BaHu)
  2061 | D:3      | Killed Discosetron's ghost
  2062 | D:3      | Reached XP level 5. HP: 9/28 MP: 2/9
  2649 | D:3      | Noticed Grinder
  2650 | D:3      | Paralysed by Grinder for 2 turns
  2662 | D:3      | Slain by an endoplasm

Illustrated notes

Levels and vault maps discovered:
D:1:      lightli_iron_boxes, layout_basic, kennysheep_crisscross
D:2:      layout_loops_cross, kennysheep_generic_room_9
D:3:      minmay_inner_zag, layout_basic, ebering_ghost_disaster_area,
          serial_shops, nicolae_shop_tiny_statue_garden, uniq_grinder

Skill      XL: |  1  2  3  4  5 |
---------------+----------------+-----
Transmutations | 1 2 |  2.1
Earth Magic    | 4 |  4.7
Stealth        | 3 |  3.8
Spellcasting   | 3 |  3.0
Dodging        | |  1.5

Action                     |  1- 3 |  4- 6 || total
---------------------------+-------+-------++-------
  Melee: Whip              |    19 |     6 ||    25
   Cast: Sandblast         |    59 |    32 ||    91
    Use: Scroll            |       |     1 ||     1
 Armour: Robe              |    21 |     9 ||    30
  Dodge: Dodged            |    39 |    16 ||    55
